 Dungeon Crawl Stone Soup version 0.30-a0-4-ga7cffc901d (webtiles) character file.

Game seed: 9043857055076589380

39 Setbun the Sneak (level 3, -2/21 HPs)
             Began as a Kobold Brigand on Aug 21, 2022.
             Slain by a hobgoblin (3 damage)
             ... led by Robin
             ... on level 2 of the Dungeon.
             The game lasted 00:00:59 (1416 turns).

Setbun the Sneak (Kobold Brigand)                   Turns: 1416, Time: 00:00:59

Health: -2/21      AC:  4    Str: 14    XL:     3   Next: 67%
Magic:  3/3        EV: 14    Int: 12    God:
Gold:   72         SH:  0    Dex: 18    Spells: 2/2 levels left

rFire   . . .      SeeInvis .    a - +2 dagger
rCold   . . .      Faith    .    (no shield)
rNeg    . . .      Spirit   .    b - +0 robe
rPois   .          Reflect  .    k - +0 helmet
rElec   .          Harm     .    c - +0 cloak
rCorr   .          Rampage  .    (no gloves)
Will    .....                    (no boots)
Stlth   ++++......               (no amulet)
HPRegen 0.07/turn                h - +6 ring of strength
MPRegen 0.08/turn                (no ring)

@: no status effects
A: small, no large weapons, nightstalker 3
a: no special abilities


You were on level 2 of the Dungeon.
You visited 1 branch of the dungeon, and saw 2 of its levels.

You collected 72 gold pieces.

Inventory:

Hand Weapons
 a - a +2 dagger (weapon)
Missiles
 d - 9 poisoned darts (quivered)
 e - 3 curare-tipped darts
Armour
 b - a +0 robe (worn)
 c - a +0 cloak (worn)
 k - a +0 helmet (worn)
Jewellery
 h - a +6 ring of strength (left hand)
Scrolls
 g - a scroll of magic mapping {unknown}
 i - a scroll of identify {unknown}
Potions
 f - a potion of flight {unknown}
 j - 2 potions of curing {unknown}
 l - a potion of mutation {unknown}


   Skills:
 - Level 2.1 Fighting
 * Level 5.0 Short Blades
 - Level 2.1 Throwing
 - Level 1.2 Dodging
 - Level 5.3 Stealth


You had 2 spell levels left.
You didn't know any spells.
Your spell library contained the following spells:

 Spells                   Type           Power      Damage    Failure   Level
 Inner Flame              Hex/Fire       0%         N/A       69%         3
 Cause Fear               Hex            0%         N/A       97%         4
 Discord                  Hex            0%         N/A       100%        8


Dungeon Overview and Level Annotations

Branches:
Dungeon (2/15)

Altars:

Annotations:
D:2 Robin


Innate Abilities, Weirdness & Mutations

You are small and have problems with some larger weapons.
You are completely attuned to the shadows.


Message History

The goblin is heavily wounded.
The goblin hits you with a +0 dagger. The hobgoblin barely misses you.
The goblin hits you with a +0 dagger. The goblin misses you.
You are too injured to fight recklessly!
You are too injured to fight recklessly!
You are too injured to fight recklessly!
You are too injured to fight recklessly!
You are too injured to fight recklessly!
You are too injured to fight recklessly!
Unknown command.
You hit the goblin.
You kill the goblin!
The hobgoblin closely misses you. The goblin hits you with a +0 club.
Your Short Blades skill increases to level 5!
You hit the goblin.
The goblin is severely wounded.
You hit the goblin.
You kill the goblin!
The hobgoblin closely misses you. The goblin barely misses you.
You hit the hobgoblin.
You kill the hobgoblin!
The goblin misses you.
You closely miss Robin. The goblin misses you.
Robin roars a battlecry!
The goblins go into a battle-frenzy!
The goblin closely misses you.
You hit Robin.
Robin is lightly wounded.
You hit Robin.
Robin is moderately wounded.
The hobgoblin hits you.
* * * LOW HITPOINT WARNING * * *
Robin barely misses you. The goblin hits you but does no damage.
The goblin closely misses you.
You hit Robin but do no damage.
Robin is moderately wounded.
Robin hits you with a +0 club.
* * * LOW HITPOINT WARNING * * *
The hobgoblin hits you.
You die...

.. .# ..<.. #...###
....##.#.....
####).....#.#.###
##.......#........
#gg......#......#.
#@g##....#....#.#.
#g#..#..#...<##.†.
#.g#..#..#.#######.
#...#?#....###.....
#... #........##..
#....##..#...
#........#...
#.....#.##.##
#.....#.....#


You could see Robin, 2 hobgoblins and 2 goblins.

Vanquished Creatures
  A worm (D:2)
  4 ball pythons (D:1)
  3 bats (D:1)
  2 endoplasms (D:1)
  2 giant cockroaches (D:1)
  9 goblins
  4 hobgoblins
  2 kobolds (D:1)
  A frilled lizard (D:2)
  2 rats (D:1)
30 creatures vanquished.

Notes
Turn   | Place    | Note
-------+----------+-------------------------------------------
     0 | D:1      | Setbun the Kobold Brigand began the quest for the Orb.
     0 | D:1      | Reached XP level 1. HP: 12/12 MP: 1/1
    71 | D:1      | Reached XP level 2. HP: 5/17 MP: 2/2
   892 | D:1      | Found a faded altar of an unknown god.
  1015 | D:1      | Reached XP level 3. HP: 21/21 MP: 3/3
  1391 | D:2      | Noticed Robin
  1410 | D:2      | Reached skill level 5 in Short Blades
  1416 | D:2      | HP: 1/21 [Robin/+0 club (4)]
  1416 | D:2      | Slain by a hobgoblin

Illustrated notes

Levels and vault maps discovered:
D:1:      lightli_iron_boxes, layout_loops_ring,
          shapermc_ecumenical_altar_acropolis
D:2:      layout_basic, minmay_curled_crystal, minivault_25, minivault_26,
          grunt_decor_fettered, uniq_robin

Skill      XL: |  1  2  3 |
---------------+----------+-----
Short Blades   | 3 4 5 |  5.0
Fighting       | |  2.1
Throwing       | |  2.1
Dodging        | |  1.2
Stealth        | |  5.3

Action                   || total
-------------------------++-------
Melee: Dagger            ||    99
 Stab: Sleeping          ||    12
Armor: Robe              ||    28
Dodge: Dodged            ||    78

Table legend: (Time is in decaauts)
 A = Elapsed time spent in this place.
 B = Non-inter-level travel time spent in this place.
 C = Inter-level travel time spent in this place.
 D = Time resting spent in this place.
 E = Time spent auto-exploring this place.
 F = Levels seen in this place.
 G = Mean time per level.
                   A        B        C        D        E       F      G
               +--------+--------+--------+--------+--------+-----+--------+
         Total |   1395 |   1373 |     22 |    220 |    972 |   2 |  697.5 |
       Dungeon |   1395 |   1373 |     22 |    220 |    972 |   2 |  697.5 |
               +--------+--------+--------+--------+--------+-----+--------+

Top non-repeatable levels by time:
     D:1: 1220 daAuts
     D:2: 175 daAuts
